 Dungeon Crawl Stone Soup version 0.30-a0-743-gbfdf073431 (webtiles) character file.

Game seed: 17036834554412091023

386 DEFE the Trooper (level 6, -5/49 HPs)
             Began as a Demonspawn Wanderer on Feb 6, 2023.
             Splashed by a jelly's acid (8 damage)
             ... on level 5 of the Dungeon.
             The game lasted 00:04:36 (3624 turns).

DEFE the Trooper (Demonspawn Wanderer)              Turns: 3624, Time: 00:04:37

Health: -5/49      AC: -9    Str: 14    XL:     6   Next: 48%
Magic:  7/7        EV:  9    Int: 12    God:
Gold:   20         SH:  4    Dex: 16    Spells: 6/7 levels left

rFire   . . .      SeeInvis .    a - +3 dagger
rCold   . . .      Faith    .    (no shield)
rNeg    . . .      Spirit   .    n - +0 scale mail
rPois   .          Reflect  .    (no helmet)
rElec   .          Harm     .    (no cloak)
rCorr   .          Rampage  .    (no gloves)
Will    .....                    (no boots)
Stlth   +                        u - amulet of regeneration
HPRegen 1.08/turn                (no ring)
MPRegen 0.10/turn                (no ring)

@: corroded
A: big brain 1, condensation shield
a: no special abilities


You were on level 5 of the Dungeon.
You visited 1 branch of the dungeon, and saw 5 of its levels.

You collected 177 gold pieces.
You spent 157 gold pieces at shops.

Inventory:

Hand Weapons
 a - a +3 dagger (weapon)
 t - a +0 hand axe
Missiles
 y - a throwing net
Armour
 d - a +0 leather armour
 n - a +0 scale mail (worn)
Jewellery
 i - an amulet of faith
 u - an amulet of regeneration (around neck)
Wands
 w - a wand of charming (8)
Scrolls
 c - a scroll of vulnerability
 e - a scroll of fog
 g - a scroll of enchant armour {unknown}
 j - a scroll of poison {unknown}
 k - a scroll of acquirement {unknown}
 o - 5 scrolls of teleportation
 p - 2 scrolls of noise
 q - 4 scrolls of blinking
 s - a scroll of immolation {unknown}
 v - a scroll of enchant weapon {unknown}
Potions
 b - 2 potions of brilliance
 f - a potion of cancellation
 h - a potion of haste {unknown}
 l - a potion of mutation {unknown}
 m - a potion of attraction {unknown}
 r - a potion of lignification {unknown}
 x - a potion of curing


   Skills:
 - Level 4.6 Fighting
 + Level 3.1 Axes
 + Level 3.3 Armour
 - Level 1.0 Dodging
 - Level 1.7 Stealth
 - Level 1.0 Spellcasting
 - Level 1.0 Air Magic
 - Level 1.2 Invocations
 - Level 1.0 Evocations


You had 6 spell levels left.
You knew the following spells:

 Your Spells              Type           Power      Damage    Failure   Level
a - Shock                 Conj/Air       4%         1d3       69%         1

Your spell library contained the following spells:

 Spells                   Type           Power      Damage    Failure   Level
 Vhi's Electric Charge    Tloc/Air       2%         N/A       96%         3
 Summon Guardian Golem    Hex/Summ       0%         N/A       98%         3
 Orb of Destruction       Conj           0%         9d5       100%        7
 Spellforged Servitor     Conj/Summ      0%         N/A       100%        7


Dungeon Overview and Level Annotations

Branches:
Dungeon (5/15)
 Temple: D:4-7

Altars:
Dithmenos
Hepliaklqana
Trog

Shops:
D:2 *   D:4 ?


Innate Abilities, Weirdness & Mutations

You have an unusually large brain. (Int +2)
A meltable shield of frost defends you. (SH +4)


Message History

Unknown command.
You closely miss the adder.
You feel sick. The adder barely misses you.
Unknown command.
You barely miss the adder.
You feel sick. The adder closely misses you.
You closely miss the adder.
You feel sick.
You are no longer poisoned.
The adder bites you. The adder bites you but does no damage.
You take 3 damage, and have 32/49 hp.
Unknown command.
You hit the adder.
You kill the adder!
Unknown command.
You hit the jelly.
Your hands burn!
You block the jelly's attack.
You take 2 damage, and have 31/49 hp.
You hit the jelly.
Your hands burn!
The jelly hits you but does no damage.
You take 3 damage, and have 28/49 hp.
You hit the jelly. The acid corrodes you!
Your hands burn!
The jelly jiggles.
The jelly closely misses you.
You hit the jelly. The acid corrodes you!
Your hands burn!
The jelly hits you. The acid corrodes you!
You are splashed with acid.
You take 8 damage, and have 20/49 hp.
You hit the jelly but do no damage.
Your hands burn!
The jelly hits you.
You are splashed with acid.
* * * LOW HITPOINT WARNING * * *
You take 11 damage, and have 9/49 hp.
MASSIVE DAMAGE!!
Unknown command.
You hit the jelly but do no damage.
Your hands burn!
* * * LOW HITPOINT WARNING * * *
You block the jelly's attack.
You take 3 damage, and have 6/49 hp.
Unknown command.
Unknown command.
You hit the jelly but do no damage. The acid corrodes you!
Your hands burn!
* * * LOW HITPOINT WARNING * * *
The jelly hits you.
* * * LOW HITPOINT WARNING * * *
You are splashed with acid!
You die...

######## .......#
§......# ..≈≈≈..###
..§≈≈..J@########
..≈≈≈..#...##...##
.......#.........##
#.......#..........#
#########..........#
#............#
##..........##
##...##...###
#######....######


You could see a jelly.

Vanquished Creatures
  2 scorpions
  A howler monkey (D:4)
  A jelly (D:5)
  An iguana (D:4)
  10 adders
  An ufetubus (D:4)
  A worm (D:2)
  A dart slug (D:3)
  4 orcs (D:3)
  5 endoplasms
  8 giant cockroaches
  5 goblins
  8 hobgoblins
  8 kobolds
  3 quokkas
  5 ball pythons
  3 bats (D:2)
  4 frilled lizards
  3 rats
74 creatures vanquished.

Notes
Turn   | Place    | Note
-------+----------+-------------------------------------------
     0 | D:1      | DEFE the Demonspawn Wanderer began the quest for the Orb.
     0 | D:1      | DEFE set off with the following items: a +3 dagger, a
                  | potion of brilliance, a scroll of vulnerability, a +0
                  | leather armour; and the following spell memorised: Shock;
                  | and the following spells available to memorise: Vhi's
                  | Electric Charge.
     0 | D:1      | Reached XP level 1. HP: 16/16 MP: 2/2
   334 | D:1      | Gained mutation: A meltable shield of frost defends you.
                  | (SH +4) [demonic ancestry]
   334 | D:1      | Reached XP level 2. HP: 23/23 MP: 3/3
   486 | D:1      | Reached skill level 3 in Fighting
   615 | D:1      | Found a faded altar of an unknown god.
   942 | D:2      | Reached XP level 3. HP: 16/29 MP: 4/4
  1150 | D:2      | Found a bloodstained altar of Trog.
  1257 | D:2      | Reached skill level 4 in Fighting
  1274 | D:2      | Found Fetehi's Assorted Antiques.
  1316 | D:2      | Bought a scroll labelled ZOEWKI RIPNYJIQ for 17 gold pieces
  1316 | D:2      | Bought a scroll labelled QYATO ZIBOI for 17 gold pieces
  1615 | D:2      | Reached XP level 4. HP: 37/38 MP: 5/5
  1945 | D:3      | Found a hazy altar of Hepliaklqana.
  2584 | D:3      | Found a shadowy altar of Dithmenos.
  2889 | D:4      | Reached skill level 1 in Axes
  2974 | D:4      | Noticed a scorpion
  2999 | D:4      | Killed a scorpion
  3000 | D:4      | Gained mutation: You have an unusually large brain. (Int
                  | +2) [demonic ancestry]
  3000 | D:4      | Reached XP level 5. HP: 13/43 MP: 6/6
  3241 | D:4      | Reached XP level 6. HP: 49/49 MP: 7/7
  3427 | D:4      | Found Taloinnin's Magic Scroll Emporium.
  3450 | D:4      | Bought a scroll of blinking for 97 gold pieces
  3450 | D:4      | Bought a scroll of identify for 26 gold pieces
  3476 | D:5      | Entered Level 5 of the Dungeon
  3624 | D:5      | Splashed by a jelly's acid

Illustrated notes

Levels and vault maps discovered:
D:1:      lightli_arrival_farm, layout_basic, serial_corexii_hall,
          corexii_hall_statues_i, corexii_hall_statues_l,
          dreamdust_ecumenical_altar_hidden_monk_grotto
D:2:      layout_basic, serial_shops, shop, basic_altar, minmay_crystal_water,
          grunt_ministairs_12, minmay_bisected
D:3:      layout_basic, nicolae_hepliaklqana_hippocampus, grunt_dithmenos_smoke
D:4:      layout_rooms, kennysheep_small_square
D:5:      layout_rooms, minmay_temple_entry_fiery, kennysheep_generic_room_11,
          uniq_prince_ribbit1

Skill      XL: |  1  2  3  4  5  6 |
---------------+-------------------+-----
Fighting       | 3 4 |  4.6
Axes           | 1 2 3 |  3.1
Armour         | 2 3 |  3.3
Dodging        | |  1.0
Stealth        | |  1.7
Spellcasting   | |  1.0
Air Magic      | |  1.0
Invocations    | |  1.2
Evocations     | |  1.0

Action                     |  1- 3 |  4- 6 || total
---------------------------+-------+-------++-------
  Melee: Dagger            |   140 |   216 ||   356
         Punch             |     1 |     3 ||     4
    Use: Potion            |       |     2 ||     2
         Scroll            |       |     3 ||     3
   Stab: Sleeping          |     2 |       ||     2
 Armour: Leather armour    |    20 |       ||    20
         Scale mail        |    20 |    92 ||   112
  Dodge: Dodged            |    55 |    96 ||   151
  Block: Other             |    29 |    38 ||    67

Table legend: (Time is in decaauts)
 A = Elapsed time spent in this place.
 B = Non-inter-level travel time spent in this place.
 C = Inter-level travel time spent in this place.
 D = Time resting spent in this place.
 E = Time spent auto-exploring this place.
 F = Levels seen in this place.
 G = Mean time per level.
                   A        B        C        D        E       F      G
               +--------+--------+--------+--------+--------+-----+--------+
         Total |   3646 |   3555 |     91 |    556 |   2304 |   5 |  729.2 |
       Dungeon |   3646 |   3555 |     91 |    556 |   2304 |   5 |  729.2 |
               +--------+--------+--------+--------+--------+-----+--------+

Top non-repeatable levels by time:
     D:1: 1115 daAuts
     D:3: 986 daAuts
     D:2: 789 daAuts
     D:4: 606 daAuts
     D:5: 147 daAuts
